 Dungeon Crawl Stone Soup version 0.28-a0-384-g9e0c098162 (webtiles) character file.

Game seed: 2624089411441787888

183 MasteOfDeath the Covered (level 5, 0/42 HPs)
             Began as a Human Fighter on Sept 3, 2021.
             Slain by an orc wizard (2 damage)
             ... on level 4 of the Dungeon.
             The game lasted 00:12:31 (3546 turns).

MasteOfDeath the Covered (Human Fighter)            Turns: 3546, Time: 00:12:32

Health: 0/42       AC: 11    Str: 17    XL:     5   Next: 94%
Magic:  5/5        EV:  7    Int:  8    God:
Gold:   104        SH:  0    Dex: 13    Spells: 4/4 levels left

rFire   . . .      SeeInvis .   a - +0 long sword
rCold   . . .      Faith    .   c - +0 buckler
rNeg    . . .      Spirit   .   g - +2 chain mail
rPois   .          Reflect  +   (no helmet)
rElec   .          Harm     .   (no cloak)
rCorr   .          Rampage  .   (no gloves)
Will    .....                   (no boots)
Stlth   ..........              f - amulet of reflection
HPRegen 0.14/turn               (no ring)
MPRegen 0.09/turn               (no ring)

@: confused
A: no striking features
a: no special abilities


You were on level 4 of the Dungeon.
You visited 1 branch of the dungeon, and saw 4 of its levels.

You collected 104 gold pieces.

Inventory:

Hand Weapons
 a - a +0 long sword (weapon)
Armour
 c - a +0 buckler (worn)
 g - a +2 chain mail (worn)
Jewellery
 f - an amulet of reflection (around neck)
 l - a ring of positive energy
Potions
 b - a potion of flight {unknown}
 d - 2 potions of might
 e - a potion of invisibility {unknown}
 h - a potion of resistance {unknown}
 i - a potion of cancellation {unknown}
 j - a potion of attraction {unknown}
 k - a potion of berserk rage {unknown}
 m - 3 potions of curing


   Skills:
 + Level 3.6 Fighting
 + Level 3.6 Long Blades
 + Level 0.1 Throwing
 + Level 4.0 Armour
 + Level 0.5 Dodging
 + Level 0.2 Stealth
 + Level 3.7 Shields


You had 4 spell levels left.
You didn't know any spells.
Your spell library contained the following spells:

 Spells                   Type           Power      Damage    Failure   Level
 Animate Skeleton         Necr           0%         N/A       99%         1
 Pain                     Necr           0%         1d4       99%         1
 Vampiric Draining        Necr           0%         2d6       100%        3


Dungeon Overview and Level Annotations

Branches:
Dungeon (4/15)
 Temple: D:4-7

Altars:

Shops:
D:1 *:=?[


Message History

An orc wizard comes into view. It is wielding a +0 dagger.
The orc wizard moves out of view.
You closely miss the orc.
The orc priest mumbles some strange prayers to Beogh against you.
Beogh smites you! The orc closely misses you.
You slash the orc!
You kill the orc!
The orc wizard casts a spell.
The orc wizard flickers and vanishes!
Deactivating autopickup; reactivate with Ctrl-A.
The orc priest mumbles some strange prayers to Beogh against you.
Pain shoots through your body! The orc priest closely misses you.
Things that are here:
a +0 whip; an orc corpse You hit the orc priest but do no damage.
The orc priest hits you but does no damage.
You hit the orc priest but do no damage.
Something hits you but does no damage.
The orc priest hits you but does no damage.
The orc priest closely misses you. Something hits you but does no damage.
You hit the orc priest.
The orc priest is moderately wounded.
You hear some strange, mumbled words.
A puff of flame appears from out of thin air!
The puff of flame hits you. The orc priest barely misses you.
You hit the orc priest but do no damage.
The orc priest is moderately wounded.
Something hits you but does no damage. You block the orc priest's attack.
You hit the orc priest.
The orc priest is heavily wounded.
You hear some strange, mumbled words.
You are confused.
The orc priest mumbles some strange prayers to Beogh against you.
Beogh smites you!
* * * LOW HITPOINT WARNING * * *
The orc priest looks satisfied for a moment.
You bump into the rock wall.
Something hits you but does no damage.
You closely miss something. Something hits you.
You die...

. .# ##...### ## #
#........... ..
#.#.#..............
.#.....##..##....#
................##
#.#...............
#.#...##..#.....##
#@#...#...#.......
#{#.......#.....#
o########o..............#
..o.o.....#..#....#.....#
.###...####..##...#.....##
#... #............... #...
........#.....## #...
#.#....>......... ..##
#.#.###..#...####


You could see an orc priest.

Vanquished Creatures
  A scorpion (D:3)
  A hound (D:3)
  3 adders
  An adder skeleton (D:4)
  A worm (D:2)
  A dart slug (D:1)
  An orc (D:4)
  6 bats
  6 endoplasms
  A giant cockroach (D:2)
  5 goblins
  8 hobgoblins
  6 kobolds
  A quokka (D:2)
  4 ball pythons
  3 frilled lizards
  10 rats
59 creatures vanquished.

Vanquished Creatures (others)
  A kobold (D:3)
1 creature vanquished.

Grand Total: 60 creatures vanquished

Notes
Turn   | Place    | Note
-------+----------+-------------------------------------------
     0 | D:1      | MasteOfDeath the Human Fighter began the quest for the Orb.
     0 | D:1      | Reached XP level 1. HP: 18/18 MP: 1/1
   130 | D:1      | Found Pytid's Magic Scroll Boutique.
   298 | D:1      | Reached XP level 2. HP: 8/24 MP: 2/2
   623 | D:1      | Found Meackum's Book Boutique.
   727 | D:1      | Found Dueffe's General Store.
   968 | D:1      | Found Eluok's Antique Armour Shop.
  1247 | D:1      | Found Bempaon's Jewellery Shoppe.
  1336 | D:1      | Reached XP level 3. HP: 27/29 MP: 3/3
  1515 | D:2      | Found a faded altar of an unknown god.
  1810 | D:2      | Reached XP level 4. HP: 35/35 MP: 4/4
  2541 | D:3      | Reached XP level 5. HP: 22/41 MP: 5/5
  3507 | D:4      | Reached skill level 4 in Armour
  3543 | D:4      | HP: 2/42 [orc priest/divine providence (14)]
  3546 | D:4      | Slain by an orc wizard

Illustrated notes

Levels and vault maps discovered:
D:1:      matt_arrival_refuge, layout_loops_corners, serial_shops,
          nicolae_shop_temple_entry_statues_fountains,
          nicolae_shop_behind_doors, nicolae_shop_statue_plus,
          nicolae_diamond_shop, shop
D:2:      layout_rooms, ebering_ecumenical_altar_mist, serial_co_window_serial,
          co_window_paths_b, co_window_of_opportunity_a, co_window_corner_a,
          co_window_cross_1, co_window_of_opportunity_a, co_window_2corner,
          co_window_broadway_a, co_window_2corner, glass_columns_b,
          glass_columns_c, glass_columns_b, glass_columns_b, glass_columns_b,
          serial_bayou_ford_a, nrook_mini_vaults
D:3:      layout_basic
D:4:      layout_basic

Skill      XL: |  1  2  3  4  5 |
---------------+----------------+-----
Long Blades    | 3 |  3.6
Armour         | 4 |  4.0
Fighting       | |  3.6
Throwing       | |  0.1
Dodging        | |  0.5
Stealth        | |  0.2
Shields        | |  3.7

Action                   |  1- 3 |  4- 6 || total
-------------------------+-------+-------++-------
Melee: Long sword        |   114 |   120 ||   234
Throw: Throwing net      |       |     5 ||     5
  Use: Scroll            |     2 |     4 ||     6
       Potion            |       |     1 ||     1
 Stab: Held in net/web   |       |     1 ||     1
Armor: Scale mail        |     6 |       ||     6
       Chain mail        |    41 |    66 ||   107
Dodge: Dodged            |    31 |    40 ||    71
Block: Buckler           |    39 |    55 ||    94
       Reflection        |       |     2 ||     2

Table legend: (Time is in decaauts)
 A = Elapsed time spent in this place.
 B = Non-inter-level travel time spent in this place.
 C = Inter-level travel time spent in this place.
 D = Time resting spent in this place.
 E = Time spent auto-exploring this place.
 F = Levels seen in this place.
 G = Mean time per level.
                   A        B        C        D        E       F      G
               +--------+--------+--------+--------+--------+-----+--------+
         Total |   3613 |   3524 |     89 |    193 |   2759 |   4 |  903.2 |
       Dungeon |   3613 |   3524 |     89 |    193 |   2759 |   4 |  903.2 |
               +--------+--------+--------+--------+--------+-----+--------+

Top non-repeatable levels by time:
     D:1: 1460 daAuts
     D:3: 1231 daAuts
     D:2: 869 daAuts
     D:4: 51 daAuts
